 Dungeon Crawl Stone Soup version 0.28.0-53-g5a82cb258f (webtiles) character file.

Game seed: 12745435592344161256

9027 pkoi the Frost Mage (level 10, -2/78 HPs)
             Began as a Demigod Ice Elementalist on May 24, 2022.
             Slain by a bullfrog (3 damage)
             ... on level 9 of the Dungeon.
             The game lasted 00:23:36 (15277 turns).

pkoi the Frost Mage (Demigod Ice Elementalist)     Turns: 15277, Time: 00:23:37

Health: -2/78      AC:  6    Str: 12    XL:     10   Next: 97%
Magic:  16/22      EV: 14    Int: 34    God:
Gold:   614        SH:  0    Dex: 14    Spells: 6/21 levels left

rFire   x . .      SeeInvis .   e - +2 short sword (venom)
rCold   + . .      Faith    .   (no shield)
rNeg    + . .      Spirit   .   E - +1 robe "Goon" {Str+3 Int+5}
rPois   .          Reflect  .   k - +0 helmet
rElec   .          Harm     .   o - +0 cloak
rCorr   .          Rampage  .   (no gloves)
Will    +....                   h - +0 pair of boots
Stlth   ++........              (no amulet)
HPRegen 0.23/turn               p - ring of positive energy
MPRegen 0.18/turn               m - ring of ice

@: lethally poisoned (-2 -> -14), marked
A: high MP 1, forlorn, divine attributes
a: no special abilities


You were on level 9 of the Dungeon.
You visited 2 branches of the dungeon, and saw 11 of its levels.

You collected 770 gold pieces.
You spent 156 gold pieces at shops.

Inventory:

Hand Weapons
 d - a +0 whip
 e - a +2 short sword of venom (weapon)
 g - a +0 spear of draining
 l - a +1 vorpal hand crossbow
 v - a +0 shortbow
 x - a +1 vorpal trident
 A - a +1 flail of holy wrath
 H - a +2 whip of freezing
Missiles
 b - 7 boomerangs
 c - 4 throwing nets
 i - 15 poisoned darts
 q - 43 bolts
 w - 227 arrows
 K - a curare-tipped dart
Armour
 h - a +0 pair of boots (worn)
 k - a +0 helmet (worn)
 o - a +0 cloak (worn)
 y - a +2 robe of willpower
 E - the +1 robe "Goon" (worn) {Str+3 Int+5}
   (You found it on level 9 of the Dungeon)

   Str:       It affects your strength (+3).
   Int:       It affects your intelligence (+5).
Jewellery
 m - a ring of ice (right hand)
 p - a ring of positive energy (left hand)
 L - a ring of poison resistance
Wands
 J - a wand of iceblast (5)
Scrolls
 f - 7 scrolls of teleportation
 t - 4 scrolls of fog
 C - 2 scrolls of enchant armour
 F - a scroll of magic mapping
Potions
 j - 2 potions of resistance
 r - 4 potions of curing
 u - 2 potions of attraction
 z - a potion of lignification
 B - 3 potions of might
 D - a potion of ambrosia
 G - a potion of flight
 I - a potion of haste


   Skills:
 + Level 4.1 Fighting
 + Level 5.1 Dodging
 - Level 1.7 Stealth
 - Level 6.0 Spellcasting
 + Level 8.4 Conjurations
 + Level 4.2 Translocations
 + Level 10.0 Ice Magic


You had 6 spell levels left.
You knew the following spells:

 Your Spells              Type           Power      Damage    Failure   Level
a - Freeze                Ice            100%       1d11      1%          1
b - Frozen Ramparts       Ice            100%       1d12      1%          3
c - Ozocubu's Armour      Ice            87%        N/A       1%          3
d - Hailstorm             Conj/Ice       83%        3d17      1%          4
e - Iskenderun's Mystic   Conj/Tloc      52%        2d11      3%          4

Your spell library contained the following spells:

 Spells                   Type           Power      Damage    Failure   Level
 Dazzling Flash           Conj/Hex       76%        N/A       2%          3
 Slow                     Hex            40%        N/A       4%          1
 Confusing Touch          Hex            10%        N/A       12%         3
 Vampiric Draining        Necr           10%        2d6       12%         3
 Cause Fear               Hex            5%         N/A       36%         4
 Starburst                Conj/Fire      19%        6d7       73%         6
 Dragon Form              Tmut           5%         N/A       100%        7
 Dragon's Call            Summ           5%         N/A       100%        9


Dungeon Overview and Level Annotations

Branches:
Dungeon (10/15)            Temple (0/1) D:6            Lair (1/6) D:9
    Orc (0/2) D:10

Shops:
D:3 (   D:4 [   D:9 *

Annotations:
D:4 Sigmund
D:8 1 runed translucent door, Zeld's ghost, novice DEFE


Innate Abilities, Weirdness & Mutations

You have an increased reservoir of magic. (+10% MP)
You shall have no god before yourself.
Your divine heritage dramatically boosts your attributes as you level up.


Message History

The water moccasin poisons you!
You feel very sick. The wolf bites you but does no damage.
The bullfrog hits you!
* * * LOW HITPOINT WARNING * * *
The bullfrog closely misses you. The wolf completely misses you.
The water moccasin barely misses you. The wolf barely misses you.
You feel very sick.
A cane toad comes into view.
The wolf bites you.
* * * LOW HITPOINT WARNING * * *
The bullfrog hits you but does no damage.
The bullfrog barely misses you. The water moccasin bites you!
* * * LOW HITPOINT WARNING * * *
There is a staircase back to the Dungeon here.
Unknown command.
Unknown command.
You feel very sick. The wolf barely misses you.
The bullfrog barely misses you. x2
The cane toad stings you.
* * * LOW HITPOINT WARNING * * *
You are lethally poisoned!
The cane toad poisons you! The wolf misses you. The water moccasin misses you.
You climb upwards.
Welcome back to the Dungeon!
* * * LOW HITPOINT WARNING * * *
You feel extremely sick.
There is a staircase to the Lair here.
Unknown command.
Unknown command.
You feel better. The wolf bites you.
* * * LOW HITPOINT WARNING * * *
The bullfrog hits you.
* * * LOW HITPOINT WARNING * * *
The bullfrog closely misses you. The water moccasin bites you!
* * * LOW HITPOINT WARNING * * *
You are lethally poisoned!
The water moccasin poisons you! The cane toad closely misses you.
The bullfrog completely misses you. The wolf bites you.
* * * LOW HITPOINT WARNING * * *
The bullfrog hits you.
You die...

#.# #)######.#.....# #.#
##..............# ## ##.#
##......P..##..#.# ###. ...#
##..........♣#..#.###.'. ####
#.P.P.................#.
##P....♣.P.......########
#.........♣......#
#.....PFhS.♣P.♣..#
#..P...P@F.......#
#....P..F.P.♣....# #
#.♣P.........♣...# ######
##.P.P..P.P....#.# #..... #####
#P........P...#.###.#### ....#
###...........#...##.#### ###.#
#......).P.........#.#...
###.#####.#.#..................##
.....)....#.#......#####.###.####


You could see a cane toad, a water moccasin, a wolf and 2 bullfrogs.

Vanquished Creatures
  A two-headed ogre (D:9)
  Pikel (D:9)
  A centaur zombie (D:10)
  2 cane toads (Lair:1)
  A komodo dragon (D:10)
  A troll (D:10)
  A hornet (D:9)
  A hornet (shapeshifter) (D:10)
  A shadow (D:10)
  2 wraiths
  4 wyverns (D:9)
  7 yaks
  A steam dragon (D:8)
  3 water moccasins
  An acid dragon (D:9)
  Duvessa (D:4)
  An ice beast (D:8)
  3 orc warriors
  A black bear (D:4)
  A sky beast (D:6)
  An ogre (D:5)
  4 centaurs
  A phantom (D:6)
  Blork the orc (D:6)
  2 kobold brigands
  2 bullfrogs
  2 gnoll sergeants
  5 scorpions
  A wyvern skeleton (D:7)
  Dowan (D:4)
  11 killer bees
  2 bullfrog zombies
  2 jellies
  8 orc priests
  Crazy Yiuf (D:4)
  2 gnoll shamans
  A centaur skeleton (D:6)
  3 iguanas
  6 orc wizards
  A killer bee zombie (D:8)
  A hound skeleton (D:4)
  2 howler monkey zombies (D:5)
  9 adders
  22 gnolls
  2 white imps
  4 worms
  2 dart slugs (D:2)
  29 orcs
  7 ball pythons
  8 endoplasms
  A giant cockroach (D:4)
  5 goblins
  10 hobgoblins
  3 jackals (D:3)
  5 quokkas
  9 bats
  6 frilled lizards
  19 kobolds
  A quokka skeleton (D:4)
  6 rats
243 creatures vanquished.

Vanquished Creatures (others)
  7 fungi
  11 plants (D:9)
18 creatures vanquished.

Grand Total: 261 creatures vanquished

Notes
Turn   | Place    | Note
-------+----------+-------------------------------------------
     0 | D:1      | pkoi the Demigod Ice Elementalist began the quest for the
                  | Orb.
     0 | D:1      | Reached XP level 1. HP: 14/14 MP: 5/5
   328 | D:1      | Reached skill level 4 in Ice Magic
   340 | D:1      | Reached XP level 2. HP: 20/20 MP: 2/7
  1248 | D:1      | Reached XP level 3. HP: 21/26 MP: 3/8
  1420 | D:1      | Learned a level 3 spell: Frozen Ramparts
  1799 | D:2      | Reached skill level 5 in Ice Magic
  2746 | D:2      | Reached XP level 4. HP: 33/33 MP: 5/9
  3779 | D:3      | Found Mecocug's Antique Weapon Boutique.
  3791 | D:3      | Bought a runed hand crossbow for 156 gold pieces
  4215 | D:4      | Reached skill level 6 in Ice Magic
  4215 | D:4      | Reached XP level 5. HP: 38/38 MP: 10/10
  4228 | D:4      | Noticed Sigmund
  4428 | D:4      | Noticed Duvessa
  4430 | D:4      | Noticed Dowan
  4436 | D:4      | Killed Duvessa
  4438 | D:4      | Killed Dowan
  4439 | D:4      | Reached XP level 6. HP: 7/45 MP: 3/11
  4699 | D:4      | Reached skill level 7 in Ice Magic
  4875 | D:4      | Learned a level 3 spell: Ozocubu's Armour
  4954 | D:4      | Found Gaarog's Armour Shop.
  5107 | D:4      | Found a runed translucent door.
  5108 | D:4      | Noticed Crazy Yiuf
  5115 | D:4      | Killed Crazy Yiuf
  5193 | D:5      | Entered Level 5 of the Dungeon
  5322 | D:5      | Reached skill level 1 in Fighting
  5641 | D:5      | Reached XP level 7. HP: 52/52 MP: 9/13
  6430 | D:5      | Reached skill level 8 in Ice Magic
  6687 | D:5      | Learned a level 4 spell: Hailstorm
  7462 | D:6      | Reached XP level 8. HP: 47/62 MP: 10/15
  7570 | D:6      | Found a staircase to the Ecumenical Temple.
  7863 | D:6      | Reached skill level 1 in Conjurations
  8281 | D:6      | Noticed Blork the orc
  8298 | D:6      | Killed Blork the orc
 10821 | D:8      | Reached XP level 9. HP: 67/71 MP: 12/17
 10895 | D:8      | Found a runed translucent door.
 11002 | D:8      | Noticed Zeld's ghost (novice DEFE)
 11002 | D:8      | Noticed an efreet
 11635 | D:9      | Reached skill level 5 in Dodging
 11735 | D:9      | Identified the +1 robe "Goon" {Str+3 Int+5}
 11750 | D:9      | Reached skill level 5 in Conjurations
 11750 | D:9      | Reached skill level 9 in Ice Magic
 11959 | D:9      | Learned a level 4 spell: Iskenderun's Mystic Blast
 12008 | D:9      | Found a staircase to the Lair.
 12146 | D:9      | Reached skill level 5 in Spellcasting
 12146 | D:9      | Reached skill level 1 in Translocations
 12199 | D:9      | Noticed a two-headed ogre
 12210 | D:9      | Killed a two-headed ogre
 12211 | D:9      | Reached XP level 10. HP: 27/78 MP: 7/21
 13062 | D:9      | Noticed Pikel
 13069 | D:9      | Killed Pikel
 13377 | D:9      | Found Oddunaikoi's Serpentskin Sales.
 13585 | D:10     | Entered Level 10 of the Dungeon
 14933 | D:10     | Paralysed by a hornet for 2 turns
 15173 | D:10     | Found a staircase to the Orcish Mines.
 15235 | Lair:1   | Entered Level 1 of the Lair of Beasts
 15259 | Lair:1   | Reached skill level 10 in Ice Magic
 15277 | D:9      | HP: 1/78 [wolf (4)]
 15277 | D:9      | Slain by a bullfrog

Illustrated notes

Levels and vault maps discovered:
D:1:      nagdon_arrival_double_spiral, layout_basic, minmay_door_square
D:2:      layout_loops_ring, dreamdust_ecumenical_altar_statues
D:3:      layout_rooms, xom_teletrap_fun, serial_shops,
          nicolae_shop_advertising_works [nicolae_subvault_shop_adworks],
          minmay_misc_feat_tiny, chequers_serial_rivers_small_b,
          minmay_misc_feat_pillars, wander_ebering_terrifying_dragon_lair
D:4:      layout_loops_ring, serial_shops, kennysheep_mini,
          kennysheep_generic_room_3, uniq_sigmund, uniq_duvessa,
          uniq_crazy_yiuf_cottage
D:5:      layout_cave_pods, kennysheep_mini_moat, roderic_malta_cross
D:6:      layout_cave_pools, cheibrodos_ashenzari_chains,
          minmay_temple_entry_stoned_glass, skrybe_limestone_x,
          uniq_blork_the_orc
D:7:      layout_rooms, nicolae_vehumet_radiance,
          mainiacjoe_overflow_six_doors_small, grunt_temple_overflow_open
D:8:      layout_basic, ebering_ghost_inner_flame
D:9:      layout_loops_corners, minmay_lair_entry_grove, guppyfry_shop_venom,
          uniq_pikel
D:10:     layout_rooms, amcnicky_altar_gilded, grunt_dithmenos_shadows,
          orc_0_dummy
Lair:1:   layout_regular_city, portal_ice_cave_entry_pillars_1,
          infiniplex_staircase_pool_2, serial_bayou_shore_b, grunt_megastairs_5

Skill      XL: |  1  2  3  4  5  6  7  8  9 10 |
---------------+-------------------------------+-----
Ice Magic      | 4 5 6 7 8 9 10 | 10.0
Dodging        | 2 3 4 5 |  5.1
Spellcasting   | 2 3 5 6 |  6.0
Fighting       | 1 2 4 |  4.1
Conjurations   | 4 7 8 |  8.4
Translocations | 1 4 |  4.2
Stealth        | |  1.7

Action                   |  1- 3 |  4- 6 |  7- 9 | 10-12 || total
-------------------------+-------+-------+-------+-------++-------
Melee: Unarmed           |     2 |       |       |       ||     2
       Whip              |     2 |       |       |       ||     2
       Spear             |    30 |    33 |       |       ||    63
       Short sword       |       |    26 |    53 |     4 ||    83
       Punch             |       |     1 |       |       ||     1
       Hand crossbow     |       |       |     1 |       ||     1
       Flail             |       |       |    31 |    29 ||    60
 Fire: Hand crossbow     |       |    26 |   151 |    24 ||   201
 Cast: Freeze            |    63 |    18 |    12 |    23 ||   116
       Frozen Ramparts   |       |    11 |    46 |    19 ||    76
       Ozocubu's Armour  |       |       |    30 |    16 ||    46
       Hailstorm         |       |       |     1 |       ||     1
       Iskenderun's Myst |       |       |     2 |       ||     2
  Use: Scroll            |     5 |     4 |     5 |     4 ||    18
       Potion            |       |     2 |       |     1 ||     3
 Stab: Sleeping          |     4 |     2 |       |       ||     6
       Distracted        |       |     1 |       |       ||     1
Armor: Robe              |    11 |    20 |    81 |    37 ||   149
Dodge: Dodged            |    35 |    32 |   121 |    81 ||   269
